AoeStats
← 小白

Socotra

504015986Analyzed
4v4 RM · 1mo ago on Sep 3, 2026· 44m 44s· 8 players
Game mode
Random Map
Map size
148×148
Population
200
Speed
Normal
Resources
Standard
Victory
Conquest
Starting age
Dark Age
Ending age
Imperial Age
RankedLock teamsTeams togetherTeam positionsShared explorationLock speedFull tech treeHidden civsTurbo modeCheats
Victory
Defeat
🇹🇼 Maya · Taiwan
1993
+9
🇹🇼 Ethiopians · Taiwan
1915
+12
🇹🇼 Romans · Taiwan
1897
+13
🇹🇼 Persians · Taiwan
1651
+25
🇩🇪 Georgians · Germany
1926
-18
🇨🇳 Maya · China
1905
-18
🇩🇪 Spanish · Germany
1886
-17
🇷🇺 Persians · Russia
1613
-6
ANKR.Navvy
6:37 Loom
8:35 Feudal Age
9:26 Double-Bit Axe
15:21 Fletching
20:39 Castle Age
20:05 Gold Mining
19:56 Horse Collar
20:18 Padded Archer Armor
20:40 Crossbowman
21:16 Bodkin Arrow
23:39 Ballistics
23:46 Bow Saw
29:20 Wheelbarrow
33:33 Imperial Age
32:20 Leather Archer Armor
34:14 Bracer
33:34 Arbalester
35:57 Chemistry
37:46 Thumb Ring
38:01 Siege Engineers
41:59 Ring Archer Armor
Sumi
1:23 Loom
32:19 Feudal Age
35:33 Double-Bit Axe
35:31 Horse Collar
44:51 Castle Age
小白
8:54 Feudal Age
9:23 Double-Bit Axe
10:26 Horse Collar
13:45 Loom
20:29 Castle Age
20:22 Bloodlines
20:08 Fletching
20:14 Gold Mining
21:17 Bodkin Arrow
23:35 Ballistics
23:35 Husbandry
24:55 Padded Archer Armor
25:36 Wheelbarrow
30:41 Bow Saw
33:37 Hand Cart
35:43 Heavy Plow
40:14 Imperial Age
38:20 Stone Mining
39:19 Town Watch
40:30 Ballistas
40:15 Heavy Scorpion
41:20 Conscription
42:03 Siege Engineers
43:41 Chemistry
散步黑鵝
0:26 Loom
31:34 Feudal Age
35:12 Castle Age
33:27 Horse Collar
34:14 Double-Bit Axe
34:21 Gold Mining
34:24 Stone Mining
34:54 Gold Mining
36:35 Bow Saw
43:30 Wheelbarrow
Imperio_cc
6:49 Loom
12:09 Feudal Age
16:54 Castle Age
17:21 Double-Bit Axe
22:16 Horse Collar
26:09 Padded Archer Armor
32:02 Wheelbarrow
32:56 Town Watch
39:13 Imperial Age
37:59 Scale Barding Armor
39:19 Chain Barding Armor
38:55 Light Cavalry
39:54 Bloodlines
40:36 Plate Barding Armor
40:13 Hussar
41:35 Conscription
41:21 Husbandry
41:55 Forging
43:24 Iron Casting
42:58 Fletching
RoR | Smokealot
6:01 Loom
43:30 Feudal Age
44:05 Double-Bit Axe
44:14 Stone Mining
44:19 Horse Collar
[RUS-F] Dourdom
6:21 Loom
8:30 Feudal Age
10:01 Double-Bit Axe
15:30 Scale Barding Armor
17:49 Horse Collar
19:53 Wheelbarrow
23:52 Castle Age
22:31 Forging
22:41 Gold Mining
23:44 Bloodlines
24:50 Chain Barding Armor
23:52 Light Cavalry
24:44 Husbandry
27:59 Bow Saw
33:40 Hand Cart
38:33 Fletching
41:03 Iron Casting
41:25 Masonry
3046964519
0:27 Loom
13:18 Feudal Age
15:51 Fletching
24:55 Double-Bit Axe
32:46 Castle Age
32:02 Gold Mining
31:58 Horse Collar
33:25 Bodkin Arrow
33:26 Crossbowman
36:33 Ballistics
42:11 Wheelbarrow
Connection lost

Rejoining the realm…

Still unreachable

The connection could not be restored.

Session expired

The server has moved on; the page needs a fresh start.